 Dungeon Crawl Stone Soup version 0.20-b1-18-gaa2fd62 (webtiles) character file.

40 Tulse the Sneak (level 3, -19/16 HPs)
             Began as a Spriggan Enchanter on May 24, 2017.
             Killed from afar by a goblin (26 damage)
             ... with an exploding inner flame
             ... led by Robin
             ... hexed by the player character
             ... on level 3 of the Dungeon.
             The game lasted 00:10:26 (2187 turns).

Tulse the Sneak (Spriggan Enchanter)                Turns: 2187, Time: 00:10:27

Health: -19/16     AC:  2    Str:  4    XL:     3   Next: 30%
Magic:  0/9        EV: 18    Int: 16    God:
Gold:   54         SH:  0    Dex: 17    Spells: 7/10 levels left

rFire    . . .     SeeInvis +   a - +1 dagger
rCold    . . .     Gourm    .   (shield restricted)
rNeg     . . .     Faith    .   b - +0 robe
rPois    .         Spirit   .   (helmet restricted)
rElec    .         Reflect  .   (no cloak)
rCorr    .         Harm     .   (gloves unavailable)
MR       .....                  (boots unavailable)
Stlth    +++.......             (no amulet)
Regen    0.1/turn               (no ring)
MPRegen  0.2/turn               (no ring)

@: flying, very slightly contaminated, very quick
A: unfitting armour, see invisible, herbivore 3, speed 3, slow metabolism 2
a: no special abilities


You were on level 3 of the Dungeon.
You were not hungry.

You visited 1 branch of the dungeon, and saw 3 of its levels.

You collected 54 gold pieces.

Inventory:

Hand Weapons
 a - a +1 dagger (weapon)
Missiles
 f - 24 stones (quivered)
 h - 36 arrows
 j - 15 poisoned needles
 m - 12 bolts
Armour
 b - a +0 robe (worn)
Scrolls
 e - a scroll of remove curse
 g - a scroll of enchant armour
 i - 2 scrolls of identify
Potions
 k - a potion of haste
Books
 c - a book of Maledictions

   Spells                             Type                      Level
   a - Corona                         Hexes                        1
   b - Ensorcelled Hibernation        Hexes/Ice                    2
   c - Confuse                        Hexes                        3
   d - Tukima's Dance                 Hexes                        3
   e - Dazzling Spray                 Conjuration/Hexes            3
Comestibles
 d - 2 bread rations


   Skills:
 + Level 1.8 Short Blades
 - Level 3.0 Dodging
 - Level 4.4 Stealth
 - Level 4.0 Spellcasting
 - Level 4.1 Hexes


You had 7 spell levels left.
You knew the following spells:

 Your Spells              Type           Power        Failure   Level  Hunger
a - Corona                Hex            ###....      3%          1    None
b - Ensorcelled Hibernat  Hex/Ice        #.....       11%         2    ##.....


Dungeon Overview and Level Annotations

Branches:
Dungeon (3/15)

Altars:

Annotations:
D:2 Sigmund
D:3 Iflex's ghost, weakling MfGl; Robin


Innate Abilities, Weirdness & Mutations

You are very small and have problems with some larger weapons.
You are too small for most types of armour.
You have supernaturally acute eyesight. (SInv)
You are a herbivore.
You cover ground extremely quickly.
You need consume almost no food.


Message History

The goblin barely misses you. The hobgoblin barely misses you.
You continue memorising.
The goblin hits you but does no damage.
Your memorisation is interrupted.
The hobgoblin closely misses you.
Casting: Ensorcelled Hibernation
Confirm with . or Enter, or press ? or * to list all spells.
Aiming: Ensorcelled Hibernation
Press: ? - help, Shift-Dir - straight line, f - goblin, p - goblin
Aim: a goblin, wielding a club (unusually strong, inner flame, chance to defeat MR: 58%)
The goblin looks drowsy...
The hobgoblin barely misses you.
The helpless goblin fails to defend itself.
You impale the goblin!!
The goblin explodes!
The fiery explosion engulfs the goblin.
The goblin explodes!
You feel a bit more experienced. x2; The fiery explosion engulfs the goblin.
The goblin explodes!
The fiery explosion engulfs you!
Ouch! That really hurt!
You die...

,** #................#
,,***#............†...#
,,,,...........########
,,**##.............#
,,* #.$......#....#
,,***#........#.W..#
,,,,,,.......W.ggg##
,****,.........#g##
,,,***,.....##.#@#
**,*##,.##.###.#§#
*,*#..,*#.#...§§#
**,,..#.*#....§###
,,,,.....#...<##
,,***#.......## *,**
#......###
*,,**#..#.%...##
**,,,.(...g.#..##


You could see Iflex's ghost, 2 hobgoblins and 2 goblins.

Vanquished Creatures
  A worm (D:1)
  2 leopard geckos (D:1)
  4 bats
  A giant cockroach (D:2)
  7 goblins
  2 hobgoblins (D:1)
  5 jackals (D:1)
  2 kobolds
  A ball python (D:1)
  10 rats
35 creatures vanquished.

Notes
Turn   | Place    | Note
-------+----------+-------------------------------------------
     0 | D:1      | Tulse the Spriggan Enchanter began the quest for the Orb.
     0 | D:1      | Reached XP level 1. HP: 9/9 MP: 5/5
   614 | D:1      | Reached XP level 2. HP: 11/13 MP: 5/7
   618 | D:1      | Learned a level 2 spell: Ensorcelled Hibernation
  1875 | D:1      | Reached XP level 3. HP: 11/16 MP: 6/9
  2089 | D:2      | Noticed Sigmund
  2099 | D:3      | Noticed Robin
  2162 | D:3      | Noticed Iflex's ghost (weakling MfGl)
  2187 | D:3      | Killed from afar by a goblin

Skill      XL: |  1  2 |
---------------+-------+-----
Hexes          | 4 |  4.1
Spellcasting   | 3 4 |  4.0
Short Blades   | |  1.8
Dodging        | |  3.0
Stealth        | |  4.4

Action                   || total
-------------------------++-------
Melee: Dagger            ||   113
Throw: Stone             ||     3
 Cast: Corona            ||    19
       Ensorcelled Hiber ||    19
  Use: Potion            ||     4
       Scroll            ||     4
 Stab: Sleeping          ||    13
Armor: Robe              ||    15
Dodge: Dodged            ||   124
